 Dungeon Crawl Stone Soup version 0.31.0-11-ge490571c62 (webtiles) character file.

Game seed: 15433714481464487815

541 Esekla the Ducker (level 7, -12/35 HPs)
             Began as a Spriggan Warper on Feb 3, 2024.
             Mangled by Prince Ribbit (18 damage)
             ... on level 5 of the Dungeon.
             The game lasted 00:21:21 (3221 turns).

Esekla the Ducker (Spriggan Warper)                 Turns: 3221, Time: 00:21:22

Health: -12/35     AC:  2    Str:  7    XL:     7   Next: 5%
Magic:  24/26      EV: 24    Int: 17    God:
Gold:   151        SH:  0    Dex: 14    Spells: 14/16 levels left

rFire   . . .        a - +0 dagger (venom)
rCold   . . .        (no shield)
rNeg    . . .        b - +0 robe
rPois   .            (helmet restricted)
rElec   .            (no cloak)
rCorr   .            (gloves unavailable)
SInv    +            (boots unavailable)
Will    +....        (no amulet)
Stlth   ++           g - ring of magical power
HPRegen 0.25/turn    r - +5 ring of evasion
MPRegen 0.20/turn

%: no passive effects
@: on blink cooldown, very quick
A: very small, no large weapons, unfitting armour, see invisible, speed 3, high
MP 1, teleportitis 1
a: no special abilities


You were on level 5 of the Dungeon.
You visited 1 branch of the dungeon, and saw 4 of its levels.

You collected 151 gold pieces.

Inventory:

Hand Weapons
 a - a +0 dagger of venom (weapon)
 j - a +2 rapier of flaming
Armour
 b - a +0 robe (worn)
Jewellery
 e - a ring of fire
 g - a ring of magical power (left hand)
 p - a ring of protection from cold
 r - a +5 ring of evasion (right hand)
Wands
 u - a wand of quicksilver (11)
Scrolls
 c - 2 scrolls of blinking
 h - a scroll of identify {unknown}
 i - a scroll of amnesia {unknown}
 k - a scroll of teleportation {unknown}
 l - a scroll of torment {unknown}
 m - a scroll of summoning {unknown}
 o - a scroll of fog {unknown}
 q - a scroll of poison {unknown}
 v - a scroll of enchant armour {unknown}
Potions
 d - 2 potions of haste {unknown}
 f - 3 potions of ambrosia {unknown}
 n - a potion of enlightenment {unknown}
 s - 2 potions of curing {unknown}
 t - a potion of brilliance {unknown}


   Skills:
 + Level 2.4 Fighting
 + Level 4.5 Short Blades
 + Level 1.0 Throwing
 * Level 5.9 Dodging
 + Level 3.8 Stealth
 * Level 5.0 Spellcasting
 + Level 4.8 Translocations


You had 14 spell levels left.
You knew the following spells:

 Your Spells              Type           Power      Damage    Failure   Level
b - Blink                 Tloc           40%        N/A       3%          2

Your spell library contained the following spells:

 Spells                   Type           Power      Damage    Failure   Level
 Lesser Beckoning         Tloc           40%        N/A       3%          2
 Gell's Gravitas          Tloc           20%        N/A       6%          3
 Teleport Other           Tloc           20%        N/A       6%          3
 Manifold Assault         Tloc           20%        N/A       21%         4
 Vhi's Electric Charge    Tloc/Air       24%        N/A       45%         4


Dungeon Overview and Level Annotations

Branches:
Dungeon (5/15)
 Temple: D:4-7

Altars:
Dithmenos
Wu Jian

Shops:
D:4 (:(

Annotations:
D:5 Prince Ribbit


Innate Abilities, Weirdness & Mutations

You are very small and have problems with some larger weapons.
You are too small for most types of armour.
You have supernaturally acute eyesight. (SInv)
You cover ground extremely quickly. (Speed+++)
You have an increased reservoir of magic. (+10% MP)
You are occasionally teleported next to monsters.


Message History

The ufetubus hits you. The ufetubus completely misses you.
You closely miss the ufetubus. The ufetubus completely misses you.
The ufetubus misses you.
You closely miss the ufetubus. The ufetubus misses you.
The ufetubus completely misses you.
You miss the ufetubus. The ufetubus completely misses you. x2
You miss the ufetubus.
Prince Ribbit blinks!
The ufetubus barely misses you. The ufetubus completely misses you.
You hit the ufetubus.
The ufetubus is moderately wounded.
The ufetubus barely misses you. The ufetubus completely misses you.
You miss the ufetubus.
The ufetubus is moderately wounded.
The ufetubus hits you. The ufetubus closely misses you.
The ufetubus completely misses you. The ufetubus misses you.
You hit the ufetubus.
The ufetubus is poisoned.
The ufetubus is heavily wounded.
The ufetubus closely misses you. The ufetubus hits you.
Prince Ribbit blinks!
You hit the ufetubus.
The ufetubus looks as sick as possible!
The ufetubus is severely wounded.
The ufetubus completely misses you. The ufetubus misses you.
You kill the ufetubus!
You start resting.
Prince Ribbit is nearby!
You barely miss Prince Ribbit. Prince Ribbit hits you!
You closely miss Prince Ribbit. Prince Ribbit closely misses you.
You barely miss Prince Ribbit. Prince Ribbit hits you.
You hit Prince Ribbit.
Prince Ribbit is poisoned.
Prince Ribbit is lightly wounded.
Prince Ribbit completely misses you. Prince Ribbit closely misses you.
You hit Prince Ribbit.
Prince Ribbit looks as sick as possible!
Prince Ribbit is lightly wounded.
Prince Ribbit hits you!
* * * LOW HITPOINT WARNING * * *
Casting: Blink (safe; 3% risk of failure)
Confirm with . or Enter, or press ? or * to list all spells.
You blink.
Prince Ribbit hits you!!
Ouch! That really hurt!
You die...

.#...###.# #.##...####
.....# #.##
#######'##....... .....#
#..#######.............###
#....#
##......##.............#
####†#
######.##..)..........###
#.#### #.##.....<.......##.
#....# #.##§.........o.....
####.# #..F###+#######).###
#.# ###@..#.######..## #.#
#.....#.##...##
#.#########..#...##'#######
#.....s.#....#.#...........
#######.##.....#...........
#..##....#F...........
#.....#......F...[....
########..##..........
...>###..........


You could see Prince Ribbit (extremely poisoned).

Vanquished Creatures
  An orc warrior (D:5)
  3 scorpions
  A bombardier beetle (D:4)
  2 iguanas
  An orc wizard (D:4)
  6 adders
  A shadow imp (D:5)
  An ufetubus (D:5)
  4 ribbon worms (D:2)
  2 dart slugs
  9 orcs
  4 ball pythons
  8 endoplasms
  A giant cockroach (D:4)
  4 hobgoblins
  6 jackals
  A quokka (D:2)
  2 bats
  A frilled lizard (D:2)
  7 goblins
  6 kobolds
  7 rats
78 creatures vanquished.

Notes
Turn   | Place    | Note
-------+----------+-------------------------------------------
     0 | D:1      | Esekla the Spriggan Warper began the quest for the Orb.
     0 | D:1      | Reached XP level 1. HP: 10/10 MP: 5/5
   152 | D:1      | Reached XP level 2. HP: 14/14 MP: 7/7
   172 | D:1      | Learned a level 2 spell: Blink
   691 | D:2      | Reached XP level 3. HP: 18/18 MP: 8/8
  1116 | D:2      | Reached skill level 1 in Stealth
  1117 | D:2      | Reached XP level 4. HP: 18/23 MP: 10/10
  1651 | D:2      | You fall into a shaft and drop 2 floors!
  1783 | D:4      | Noticed a scorpion
  1804 | D:4      | Killed a scorpion
  1805 | D:4      | Reached XP level 5. HP: 16/26 MP: 12/12
  1962 | D:4      | Reached skill level 5 in Dodging
  1996 | D:4      | Found Turrug's Book Boutique.
  2041 | D:4      | Found Napou's Weapon Emporium.
  2134 | D:4      | Gained mutation: You are occasionally teleported next to
                  | monsters. [potion of mutation]
  2134 | D:4      | Gained mutation: You have an increased reservoir of magic.
                  | (+10% MP) [potion of mutation]
  2327 | D:4      | Found Fastup's Weapon Shoppe.
  2509 | D:5      | Entered Level 5 of the Dungeon
  2536 | D:5      | Reached XP level 6. HP: 30/30 MP: 15/15
  2826 | D:5      | Noticed an orc warrior
  3129 | D:5      | Killed an orc warrior
  3130 | D:5      | Reached skill level 5 in Spellcasting
  3130 | D:5      | Reached XP level 7. HP: 35/35 MP: 17/17
  3152 | D:5      | Found an ornate altar of the Wu Jian Council.
  3153 | D:5      | Found a shadowy altar of Dithmenos.
  3171 | D:5      | Noticed Prince Ribbit
  3221 | D:5      | Mangled by Prince Ribbit

Illustrated notes

Levels and vault maps discovered:
D:1:      lordsloth_arrival_two_stooges, layout_rooms
D:2:      minmay_inner_zag, layout_rooms, minmay_unequal
D:4:      layout_cave_pools, serial_shops, shop,
          nicolae_shop_pleasant_corner_grove, nicolae_stop_n_shop_1,
          dreamdust_princess_bridge
D:5:      layout_basic, gammafunk_temple_overflow_statue, temple_green,
          uniq_prince_ribbit1

Skill      XL: |  1  2  3  4  5  6 |
---------------+-------------------+-----
Spellcasting   | 3 4 5 |  5.0
Dodging        | 4 5 |  5.9
Stealth        | 1 2 3 |  3.8
Short Blades   | 3 4 |  4.5
Fighting       | 2 |  2.4
Throwing       | |  1.0
Translocations | |  4.8

Action                     |  1- 3 |  4- 6 |  7- 9 || total
---------------------------+-------+-------+-------++-------
  Melee: Short sword       |    63 |       |       ||    63
         Punch             |     3 |     2 |       ||     5
         Dagger            |    91 |   123 |    13 ||   227
   Cast: Blink             |     1 |     1 |     1 ||     3
    Use: Scroll            |       |     1 |       ||     1
         Potion            |       |     1 |       ||     1
   Stab: Sleeping          |     5 |     5 |       ||    10
 Armour: Robe              |    36 |    26 |     7 ||    69
  Dodge: Dodged            |   105 |    87 |    20 ||   212
